 Dungeon Crawl Stone Soup version 0.28.0-43-g3370ac3207 (webtiles) character file.

Game seed: 12404643700514346774

63 Ablot the Grasshopper (level 4, -2/38 HPs)
             Began as a Gnoll Warper on Mar 17, 2022.
             Slain by a bullfrog skeleton (5 damage)
             ... on level 4 of the Dungeon.
             The game lasted 00:01:44 (1122 turns).

Ablot the Grasshopper (Gnoll Warper)                Turns: 1122, Time: 00:01:45

Health: -2/38      AC:  5    Str: 12    XL:     4   Next: 10%
Magic:  8/11       EV: 13    Int: 18    God:
Gold:   66         SH:  0    Dex: 12    Spells: 11/13 levels left

rFire   . . .      SeeInvis .   a - +0 spear
rCold   . . .      Faith    .   (no shield)
rNeg    . . .      Spirit   .   b - +0 leather armour
rPois   .          Reflect  .   (no helmet)
rElec   .          Harm     .   (no cloak)
rCorr   .          Rampage  .   k - +1 pair of gloves
Will    .....                   (no boots)
Stlth   +.........              (no amulet)
HPRegen 0.12/turn               n - +6 ring of intelligence
MPRegen 0.12/turn               (no ring)

@: no status effects
A: fangs 1, strong nose, distributed training
a: no special abilities


You were on level 4 of the Dungeon.
You visited 1 branch of the dungeon, and saw 3 of its levels.

You collected 66 gold pieces.

Inventory:

Hand Weapons
 a - a +0 spear (weapon)
Missiles
 d - 5 boomerangs of dispersal
 e - 57 stones (quivered)
 i - 40 sling bullets
 l - 48 arrows
Armour
 b - a +0 leather armour (worn)
 k - a +1 pair of gloves (worn)
Magical Staves
 m - a staff of air
Jewellery
 n - a +6 ring of intelligence (left hand)
Scrolls
 c - a scroll of blinking
 f - a scroll of immolation {unknown}
 g - 2 scrolls of identify {unknown}
 p - a scroll of silence {unknown}
Potions
 h - a potion of heal wounds {unknown}
 j - 2 potions of degeneration {unknown}
 o - a potion of might {unknown}


   Skills:
 + Level 4.6 Fighting
 + Level 1.0 Short Blades
 + Level 1.0 Long Blades
 + Level 1.0 Axes
 + Level 1.0 Maces & Flails
 + Level 4.6 Polearms
 + Level 1.0 Staves
 + Level 1.0 Slings
 + Level 1.0 Bows
 + Level 1.0 Crossbows
 + Level 2.7 Throwing
 + Level 2.7 Armour
 + Level 4.6 Dodging
 + Level 1.0 Stealth
 + Level 1.0 Shields
 + Level 1.0 Unarmed Combat
 + Level 5.0 Spellcasting
 + Level 0.8 Conjurations
 + Level 0.8 Hexes
 + Level 0.8 Summonings
 + Level 0.8 Necromancy
 + Level 5.4 Translocations
 + Level 0.8 Transmutations
 + Level 0.8 Fire Magic
 + Level 0.8 Ice Magic
 + Level 0.8 Air Magic
 + Level 0.8 Earth Magic
 + Level 0.8 Poison Magic
 + Level 1.1 Invocations
 + Level 1.0 Evocations


You had 11 spell levels left.
You knew the following spells:

 Your Spells              Type           Power      Damage    Failure   Level
a - Blink                 Tloc           48%        N/A       2%          2

Your spell library contained the following spells:

 Spells                   Type           Power      Damage    Failure   Level
 Gell's Gravitas          Tloc           24%        N/A       5%          3
 Lesser Beckoning         Tloc           24%        N/A       5%          3
 Teleport Other           Tloc           24%        N/A       5%          3
 Summon Small Mammal      Summ           28%        N/A       12%         1
 Call Canine Familiar     Summ           7%         N/A       34%         3
 Stone Arrow              Conj/Erth      14%        3d7       34%         3
 Summon Guardian Golem    Hex/Summ       7%         N/A       34%         3
 Manifold Assault         Tloc           24%        N/A       45%         5
 Animate Armour           Summ/Erth      14%        N/A       75%         4
 Lehudib's Crystal Spear  Conj/Erth      3%         10d3      100%        8


Dungeon Overview and Level Annotations

Branches:
Dungeon (2/15)

Altars:


Innate Abilities, Weirdness & Mutations

You have very sharp teeth.
Your uncanny sense of smell can sniff out nearby items.
Your experience applies equally to all skills.


Message History

The bullfrog skeleton closely misses you.
The adder bites you.
* * * LOW HITPOINT WARNING * * *
You closely miss the adder.
The adder is almost dead.
You feel sick. The adder bites you.
* * * LOW HITPOINT WARNING * * *
The bullfrog skeleton misses you.
You barely miss the adder.
The adder is almost dead.
You feel sick.
You are no longer poisoned.
The adder closely misses you.
The bullfrog skeleton closely misses you.
You miss the adder. Your punch misses the adder.
The adder is almost dead.
The bullfrog skeleton hits you.
* * * LOW HITPOINT WARNING * * *
The adder barely misses you.
Casting: Blink (safe; 2% risk of failure)
Confirm with . or Enter, or press ? or * to list all spells.
You blink.
A kobold comes into view. It is wielding a +0 club.
The kobold shouts!
You hear an angry hiss.
Unknown command.
Throw: 58 stones
Press: ? - help, Q - select action, (/) - cycle Shift-Dir - straight line, f/p - adder
Aim: an adder (almost dead, 40% to hit)
You throw a stone. The stone hits the adder.
You kill the adder!
The bullfrog skeleton closely misses you.
You have reached level 4!
You feel agile.
The bullfrog skeleton hits you but does no damage.
The bullfrog skeleton hits you.
* * * LOW HITPOINT WARNING * * *
There is an escape hatch in the ceiling here.
You feel stable enough to blink again. The bullfrog skeleton hits you.
You die...

#.#............
#......##.>#
#......# .#
##....###..#
#.........#
##.####.........#
......K..(.######
###.Z...##
#...@...#
#.........#
+.........+
#.........#
##.......##
##.....## ##...##
##+##


You could see a kobold and a bullfrog skeleton.

Vanquished Creatures
  2 adders
  A worm (D:2)
  A dart slug (D:1)
  3 endoplasms
  A giant cockroach (D:1)
  6 hobgoblins
  3 jackals (D:1)
  2 kobolds (D:1)
  3 quokkas (D:1)
  7 ball pythons
  2 bats (D:1)
  2 frilled lizards
  7 rats
40 creatures vanquished.

Notes
Turn   | Place    | Note
-------+----------+-------------------------------------------
     0 | D:1      | Ablot the Gnoll Warper began the quest for the Orb.
     0 | D:1      | Reached XP level 1. HP: 20/20 MP: 6/6
    55 | D:1      | Found a faded altar of an unknown god.
   105 | D:1      | Reached XP level 2. HP: 21/26 MP: 7/7
   108 | D:1      | Learned a level 2 spell: Blink
   430 | D:1      | Reached XP level 3. HP: 31/31 MP: 9/9
   521 | D:1      | Reached skill level 5 in Spellcasting
   871 | D:2      | Reached skill level 1 in Invocations
  1005 | D:2      | Reached skill level 1 in Short Blades
  1005 | D:2      | Reached skill level 1 in Long Blades
  1005 | D:2      | Reached skill level 1 in Axes
  1005 | D:2      | Reached skill level 1 in Maces & Flails
  1005 | D:2      | Reached skill level 1 in Staves
  1005 | D:2      | Reached skill level 1 in Slings
  1005 | D:2      | Reached skill level 1 in Bows
  1005 | D:2      | Reached skill level 1 in Crossbows
  1005 | D:2      | Reached skill level 1 in Stealth
  1005 | D:2      | Reached skill level 1 in Shields
  1005 | D:2      | Reached skill level 1 in Unarmed Combat
  1005 | D:2      | Reached skill level 1 in Evocations
  1093 | D:2      | You fall into a shaft and drop 2 floors!
  1120 | D:4      | Reached XP level 4. HP: 3/38 MP: 8/11
  1122 | D:4      | Slain by a bullfrog skeleton

Illustrated notes

Levels and vault maps discovered:
D:1:      dpeg_arrival_simpleton_a, layout_loops_cross,
          chequers_ecumenical_altar_island, minmay_tall_x
D:2:      layout_loops_ring, uniq_terence
D:4:      minmay_polygon_palace, layout_loops_corners,
          mainiacjoe_overflow_brackets, ebering_ghost_rock_garden,
          palyth_stone_intersect, kennysheep_pointless_box

Skill      XL: |  1  2  3 |
---------------+----------+-----
Spellcasting   | 5 |  5.0
Invocations    | 1 |  1.1
Short Blades   | 1 |  1.0
Long Blades    | 1 |  1.0
Axes           | 1 |  1.0
Maces & Flails | 1 |  1.0
Staves         | 1 |  1.0
Slings         | 1 |  1.0
Bows           | 1 |  1.0
Crossbows      | 1 |  1.0
Stealth        | 1 |  1.0
Shields        | 1 |  1.0
Unarmed Combat | 1 |  1.0
Evocations     | 1 |  1.0
Fighting       | |  4.6
Polearms       | |  4.6
Throwing       | |  2.7
Armour         | |  2.7
Dodging        | |  4.6
Conjurations   | |  0.8
Hexes          | |  0.8
Summonings     | |  0.8
Necromancy     | |  0.8
Translocations | |  5.4
Transmutations | |  0.8
Fire Magic     | |  0.8
Ice Magic      | |  0.8
Air Magic      | |  0.8
Earth Magic    | |  0.8
Poison Magic   | |  0.8

Action                   |  1- 3 |  4- 6 || total
-------------------------+-------+-------++-------
Melee: Spear             |   137 |       ||   137
       Bite              |     9 |       ||     9
       Punch             |     2 |       ||     2
Throw: Stone             |     1 |       ||     1
 Cast: Blink             |     1 |       ||     1
 Stab: Sleeping          |     3 |       ||     3
       Distracted        |     1 |       ||     1
Armor: Leather armour    |    29 |     1 ||    30
Dodge: Dodged            |    64 |       ||    64
